 Dungeon Crawl Stone Soup version 0.31.0-12-g77e489cdc1 (webtiles) character file.

Game seed: 9159939620882784093

3219 cdecastro the Basher (level 9, -4/67 HPs)
             Began as an Armataur Warper on Mar 4, 2024.
             Was an Elder of Cheibriados.
             Slain by an acid dragon (11 damage)
             ... on level 7 of the Dungeon on Mar 5, 2024.
             The game lasted 00:16:25 (9454 turns).

cdecastro the Basher (Armataur Warper)              Turns: 9454, Time: 00:16:26

Health: -4/67      AC:  2    Str: 28    XL:     9   Next: 65%
Magic:  11/11      EV:  6    Int: 25    God:    Cheibriados [****..]
Gold:   521        SH:  0    Dex: 24    Spells: 0/11 levels left

rFire   . . .        a - +0 morningstar
rCold   . . .        (no shield)
rNeg    . . .        I - +0 plate armour
rPois   .            y - +1 helmet
rElec   .            p - scarf {+Inv}
rCorr   .            (no gloves)
SInv    .            (no barding)
Will    .....        B - amulet of regeneration Stlth
                     F - +6 ring of dexterity
HPRegen 1.11/turn    (no ring)
MPRegen 0.12/turn

%: roll
@: corroded, very slow
A: large, deformed body, tough skin 3, armoured tail, roll 2
a: Renounce Religion, Evoke Invisibility, Bend Time, Temporal Distortion, Slouch


You were on level 7 of the Dungeon.
You worshipped Cheibriados.
Cheibriados was greatly pleased with you.
You visited 2 branches of the dungeon, and saw 9 of its levels.
You also visited: Ossuary.

You collected 521 gold pieces.

Inventory:

Hand Weapons
 a - a +0 morningstar (weapon)
 b - a +2 mace of protection
 n - a +0 mace
Missiles
 d - 7 darts of dispersal
 g - 15 poisoned darts (quivered)
 q - 4 boomerangs
 D - 3 silver javelins
Armour
 p - a scarf of invisibility (worn)
 y - a +1 helmet (worn)
 G - a +0 scale mail
 H - a +0 chain mail
 I - a +0 plate armour (worn)
Jewellery
 B - an amulet of regeneration (around neck)
 F - a +6 ring of dexterity (left hand)
Wands
 s - a wand of paralysis (15)
 C - a wand of flame (12)
Scrolls
 c - 3 scrolls of blinking
 e - 2 scrolls of revelation {unknown}
 f - a scroll of amnesia {unknown}
 h - 4 scrolls of teleportation
 j - 5 scrolls of noise {unknown}
 l - 2 scrolls of enchant weapon {unknown}
 m - 4 scrolls of identify {unknown}
 r - 4 scrolls of enchant armour {unknown}
 x - 2 scrolls of fear {unknown}
 z - 2 scrolls of poison {unknown}
 E - a scroll of vulnerability {unknown}
Potions
 i - 2 potions of invisibility {unknown}
 k - 2 potions of brilliance {unknown}
 o - a potion of heal wounds {unknown}
 t - 2 potions of might {unknown}
 u - 4 potions of lignification {unknown}
 v - a potion of mutation {unknown}
 w - 3 potions of ambrosia {unknown}
 A - a potion of curing


   Skills:
 - Level 1.7 Fighting
 * Level 10.4 Maces & Flails
 - Level 0.8 Throwing
 - Level 1.2 Armour
 - Level 1.3 Dodging
 - Level 1.7 Spellcasting
 + Level 8.5 Translocations


You couldn't memorise any spells.
You knew the following spells:

 Your Spells              Type           Power      Damage    Failure   Level
a - Blink                 Tloc           90%        N/A       7%          2
b - Lesser Beckoning      Tloc           90%        N/A       7%          2
c - Teleport Other        Tloc           45%        N/A       14%         3
d - Manifold Assault      Tloc           45%        N/A       43%         4

Your spell library contained the following spells:

 Spells                   Type           Power      Damage    Failure   Level
 Passage of Golubria      Tloc           45%        N/A       43%         4
 Dimensional Bullseye     Hex/Tloc       11%        N/A       95%         4
 Vhi's Electric Charge    Tloc/Air       46%        N/A       95%         4
 Call Canine Familiar     Summ           2%         N/A       99%         3
 Fugue of the Fallen      Necr           2%         N/A       99%         3
 Inner Flame              Hex/Fire       2%         N/A       99%         3
 Ozocubu's Armour         Ice            2%         N/A       99%         3
 Sigil of Binding         Hex            2%         N/A       99%         3
 Tukima's Dance           Hex            2%         N/A       99%         3
 Irradiate                Conj/Alch      1%         3d12      100%        5
 Yara's Violent Unravell  Hex/Alch       1%         3d3       100%        5
 Ignition                 Fire           1%         3d3       100%        8


Dungeon Overview and Level Annotations

Branches:
Dungeon (8/15)             Temple (1/1) D:5         Ossuary (visited)
   Lair: D:8-11

Altars:
Ashenzari
Cheibriados
Dithmenos
Elyvilon
Fedhas
Gozag
Hepliaklqana
Kikubaaqudgha
Makhleb
Nemelex Xobeh
Okawaru
Qazlal
Ru
Sif Muna
Trog
Uskayaw
Vehumet
Wu Jian
Xom
Yredelemnul
Zin
The Shining One

Shops:
D:6 :

Annotations:
D:7 not done


Innate Abilities, Weirdness & Mutations

Armour fits poorly on your strangely shaped body.
You have extremely tough skin. (AC +3)
You have a long armoured tail.
You regenerate magic and health when rolling toward enemies. (Rampage Regen)


Message History

The acid dragon bites you. The acid dragon barely misses you.
The acid dragon bites you but does no damage.
The acid dragon barely misses you.
Unknown command.
You closely miss the acid dragon. The acid dragon spits acid at you.
The splash of acid hits you!!
* * * LOW HITPOINT WARNING * * *
The acid corrodes you!
You sock the acid dragon!
The acid dragon is heavily wounded.
The acid dragon bites you.
* * * LOW HITPOINT WARNING * * *
The acid dragon claws you.
* * * LOW HITPOINT WARNING * * *
You barely miss the acid dragon.
The acid dragon is heavily wounded.
The acid dragon spits acid at you. The splash of acid hits you!
* * * LOW HITPOINT WARNING * * *
The acid corrodes you!
You barely miss the acid dragon.
The acid dragon is heavily wounded.
The acid dragon closely misses you. The acid dragon claws you.
* * * LOW HITPOINT WARNING * * *
Unknown command.
You fail to use your ability.
The acid dragon spits acid at you. The splash of acid hits you!
* * * LOW HITPOINT WARNING * * *
Unknown command.
You feel better. The acid dragon bites you.
* * * LOW HITPOINT WARNING * * *
The acid dragon claws you.
* * * LOW HITPOINT WARNING * * *
Unknown command.
You hit the acid dragon.
The acid dragon is severely wounded.
The acid dragon bites you!
You die...

#....#####.#
.....[.##.##≈#
...$##. #.#≈≈≈ ...
.. #.#≈≈≈# # #..
..#≈≈ # #.. ..##≈
#o....######
.........D.#
...##.##@###### #
#......#
###########)#
###≈≈≈≈≈### #)#
##≈≈≈≈≈≈≈≈≈###.#
#≈≈≈≈≈≈≈≈≈≈≈##.#
##≈≈#######≈≈##.#
#≈≈≈#.....#≈≈S#.##
###≈#.....#####..#


You could see an acid dragon (catching breath).

Vanquished Creatures
  2 wyverns
  A water moccasin (D:6)
  An orc warrior (D:7)
  An ogre (D:5)
  2 ice beasts
  A sky beast (D:7)
  A hornet zombie (D:5)
  3 centaurs
  A phantom (D:7)
  4 elf zombies (Ossuary)
  4 necrophages (D:5)
  2 bullfrogs (D:6)
  A scorpion (D:6)
  A wight (D:7)
  6 killer bees
  A bullfrog zombie (D:5)
  An orc priest (D:2)
  5 human zombies
  2 centaur zombies
  3 hounds (D:5)
  2 sleepcaps
  2 iguanas
  4 hound zombies (Ossuary)
  3 mummies
  3 howler monkey zombies (D:5)
  Robin (D:4)
  3 gnolls (D:5)
  17 adders
  A shadow imp (D:6)
  2 ufetubi (D:7)
  4 adder zombies
  4 dart slugs
  2 ribbon worms
  15 orcs
  9 ball pythons
  3 endoplasms
  3 giant cockroaches
  3 gnoll zombies (Ossuary)
  18 goblins
  11 hobgoblins
  7 jackals (D:2)
  5 quokkas
  6 bats
  4 frilled lizards
  A goblin zombie (D:4)
  3 jackal zombies (Ossuary)
  6 kobolds
  5 kobold zombies (Ossuary)
  11 orc zombies
  4 rats
205 creatures vanquished.

Notes
Turn   | Place    | Note
-------+----------+-------------------------------------------
     0 | D:1      | cdecastro the Armataur Warper began the quest for the Orb.
     0 | D:1      | Reached XP level 1. HP: 17/17 MP: 3/3
    84 | D:1      | Reached skill level 2 in Maces & Flails
   291 | D:1      | Reached XP level 2. HP: 22/24 MP: 4/4
   895 | D:1      | Reached XP level 3. HP: 29/29 MP: 5/5
  1040 | D:1      | Reached skill level 3 in Maces & Flails
  1502 | D:2      | Reached XP level 4. HP: 34/36 MP: 6/6
  2264 | D:2      | Reached skill level 4 in Maces & Flails
  2317 | D:2      | Reached XP level 5. HP: 32/41 MP: 7/7
  2351 | D:3      | Found a hazy altar of Hepliaklqana.
  2353 | D:3      | Found an ornate altar of the Wu Jian Council.
  2445 | D:3      | Noticed a centaur
  2450 | D:3      | Killed a centaur
  2546 | D:3      | Found a hide-covered altar of Uskayaw.
  2601 | D:3      | Found a shimmering blue altar of Sif Muna.
  2697 | D:3      | Found a faded altar of an unknown god.
  2758 | D:3      | Found a snail-covered altar of Cheibriados.
  3422 | D:3      | Became a worshipper of Cheibriados the Contemplative
  3517 | D:4      | Found a sand-covered staircase.
  3520 | D:4      | Reached XP level 6. HP: 48/48 MP: 8/8
  3522 | Ossuary  | Entered an ossuary
  3671 | Ossuary  | Reached skill level 5 in Maces & Flails
  3877 | Ossuary  | Reached skill level 5 in Translocations
  4035 | Ossuary  | Gained mutation: You regenerate magic and health when
                  | rolling toward enemies. (Rampage Regen) [Armataur growth]
  4035 | Ossuary  | Reached XP level 7. HP: 51/53 MP: 9/9
  4055 | Ossuary  | Reached skill level 6 in Maces & Flails
  4624 | D:4      | Reached * piety under Cheibriados
  4664 | D:4      | Found a stormy altar of Qazlal.
  4919 | D:4      | Noticed Robin
  4956 | D:4      | Killed Robin
  5161 | D:4      | Learned a level 2 spell: Blink
  5164 | D:4      | Learned a level 2 spell: Lesser Beckoning
  5168 | D:4      | Learned a level 3 spell: Teleport Other
  5557 | D:5      | Entered Level 5 of the Dungeon
  5688 | D:5      | Reached skill level 7 in Maces & Flails
  5705 | D:5      | Reached XP level 8. HP: 24/60 MP: 10/10
  5937 | D:5      | Reached ** piety under Cheibriados
  5978 | D:5      | Found an ancient bone altar of Kikubaaqudgha.
  6129 | D:5      | Reached skill level 8 in Maces & Flails
  6436 | D:5      | Found a staircase to the Ecumenical Temple.
  6455 | D:5      | Identified the +0 plate armour "Qutua" {Harm Regen+ Str-4
                  | Dex+6}
  6478 | Temple   | Entered the Ecumenical Temple
  6798 | D:5      | HP: 3/60 [wyvern (13)]
  7369 | D:6      | Reached skill level 9 in Maces & Flails
  7468 | D:6      | Reached XP level 9. HP: 67/67 MP: 11/11
  7676 | D:6      | Found Jaun's Book Emporium.
  7713 | D:6      | Learned a level 4 spell: Manifold Assault
  7782 | D:6      | Reached *** piety under Cheibriados
  7900 | D:6      | Found a bloodstained altar of Trog.
  8449 | D:7      | Found a broken altar of Ashenzari.
  8580 | D:6      | HP: 3/67 [poisoned by a killer bee]
  8582 | D:6      | HP: 1/67 [poisoned by a killer bee]
  8588 | D:6      | HP: 3/67 [poisoned by a killer bee]
  8693 | D:7      | Noticed a two-headed ogre
  8859 | D:7      | Reached skill level 10 in Maces & Flails
  8909 | D:7      | Found an iron altar of Okawaru.
  9085 | D:7      | Found a white marble altar of Elyvilon.
  9247 | D:7      | Found a basalt altar of Yredelemnul.
  9411 | D:7      | Reached **** piety under Cheibriados
  9454 | D:7      | Slain by an acid dragon

Illustrated notes

Levels and vault maps discovered:
D:1:      matt_arrival_los_fun, layout_basic, st_stairs_11
D:2:      layout_basic, serial_co_window_serial, co_window_paths_a,
          co_window_paths_a, co_window_of_opportunity_a, co_window_cross_1,
          co_window_paths_a, co_window_unsneaky_path_a, co_window_broadway_c,
          co_window_corner_cb, co_window_paths_d, co_window_4corner_b,
          glass_columns_a, glass_columns_b, glass_columns_a, glass_columns_a
D:3:      minmay_bubble_buster, layout_loops_ring, nicolae_uskayaw_dance_hall,
          kennysheep_slug_shrine, mainiacjoe_overflow_catch_the_wave,
          amcnicky_altar_gilded, basic_ecumenical_altar, roderic_roman_lattice,
          st_stairs_10
D:4:      layout_cave_pods, nicolae_qazlal_eye_of_the_storm,
          nicolae_ossuary_entry_giza, nicolae_half_adder, uniq_robin
D:5:      layout_basic, lemuel_mausoleum_altar_kikubaaqudgha,
          minmay_temple_entry_crystal_x
D:6:      layout_loops_ring, nicolae_overflow_hidden_temple, serial_shops,
          nicolae_stop_n_shop_1, serial_rivers, chequers_serial_rivers_micro_d,
          chequers_serial_rivers_micro_b, chequers_serial_rivers_large_a,
          chequers_serial_rivers_room_a
D:7:      layout_basic, lemuel_tele_altar, ashenzari_altar_1,
          yredelemnul_altar_generic, kennysheep_okawaru_gauntlet,
          serial_aquarium, aquarium_bridge_square [aquarium_subvault_bridge,
          aquarium_subvault_balcony, aquarium_subvault_bridge,
          aquarium_subvault_balcony], aquarium_bridge_island_small
          [aquarium_subvault_small_open, aquarium_subvault_wall,
          aquarium_subvault_balcony, aquarium_subvault_balcony,
          aquarium_subvault_bridge], aquarium_window_1, aquarium_window_1,
          aquarium_window_corridor_3, aquarium_view_2e, aquarium_balcony_5b
D:8:      layout_cave_pools, kennysheep_generic_room_14
Temple:   cyrus_temple_forest

Skill      XL: |  1  2  3  4  5  6  7  8  9 |
---------------+----------------------------+-----
Maces & Flails | 2 3 4 5 7 9 10 | 10.4
Translocations | 4 5 6 7 8 |  8.5
Fighting       | |  1.7
Throwing       | |  0.8
Armour         | |  1.2
Dodging        | |  1.3
Spellcasting   | |  1.7

Action                     |  1- 3 |  4- 6 |  7- 9 || total
---------------------------+-------+-------+-------++-------
  Melee: Mace              |   114 |    26 |       ||   140
         Tailslap          |    12 |    37 |    57 ||   106
         Morningstar       |       |   188 |   422 ||   610
         Punch             |       |     1 |     8 ||     9
   Cast: Manifold Assault  |       |       |     3 ||     3
         Teleport Other    |       |       |     2 ||     2
 Invoke: Bend Time         |       |       |     1 ||     1
    Use: Potion            |       |       |     5 ||     5
         Scroll            |       |       |     1 ||     1
 Armour: Leather armour    |    27 |       |       ||    27
         Ring mail         |    53 |   210 |   219 ||   482
         Scale mail        |       |       |   157 ||   157
         Plate armour      |       |       |    11 ||    11
  Dodge: Dodged            |    65 |    84 |   211 ||   360
